AoeStats
← SHUN

Arena

510546258Analyzed
2v2 RM · 1d ago on Oct 1, 2026· 50m 4s· 4 players
Game mode
Random Map
Map size
Medium (4 player)
Population
200
Speed
Normal
Resources
Standard
Victory
Conquest
Starting age
Dark Age
Ending age
Imperial Age
RankedLock teamsTeams togetherTeam positionsShared explorationLock speedFull tech treeHidden civsTurbo modeCheats
Victory
Defeat
🇹🇼 Spanish · Taiwan
1068
+14
🇹🇼 Cumans · Taiwan
1007
+16
🇧🇴 Persians · Bolivia
1049
-16
🇧🇴 Persians · Bolivia
1001
-14
SHUN
4:11 Loom
18:38 Feudal Age
22:11 Double-Bit Axe
24:40 Horse Collar
30:16 Castle Age
31:46 Kamandaran
37:38 Imperial Age
34:57 Crossbowman
36:27 Thumb Ring
42:16 Cavalier
45:41 Savar
OscarNassir
5:55 Loom
14:16 Feudal Age
35:43 Double-Bit Axe
51:10 Castle Age
Nancy
9:40 Loom
12:03 Feudal Age
16:28 Castle Age
15:33 Stone Mining
21:52 Double-Bit Axe
28:03 Padded Archer Armor
35:48 Wheelbarrow
38:37 Imperial Age
40:04 Conscription
42:43 Bow Saw
41:57 Elite Skirmisher
43:21 Fletching
43:47 Leather Archer Armor
43:55 Ballistics
44:53 Bodkin Arrow
45:29 Ring Archer Armor
47:32 Hand Cart
47:03 Town Watch
48:31 Bracer
50:39 Chemistry
49:13 Elite Conquistador
人善变人机
9:18 Feudal Age
10:05 Double-Bit Axe
16:01 Horse Collar
18:02 Loom
28:02 Wheelbarrow
33:42 Castle Age
31:47 Gold Mining
35:34 Hand Cart
35:22 Heavy Plow
35:33 Bow Saw
36:01 Gold Shaft Mining
35:16 Stone Mining
36:13 Town Watch
37:51 Bloodlines
38:29 Forging
38:25 Scale Barding Armor
37:45 Light Cavalry
40:05 Iron Casting
42:40 Chain Barding Armor
52:10 Imperial Age
49:41 Town Patrol
Connection lost

Rejoining the realm…

Still unreachable

The connection could not be restored.

Session expired

The server has moved on; the page needs a fresh start.